AoeStats
← CLİNT EASTWOOD SS

Arabia

506920189Analyzed
1v1 RM · 17d ago on Sep 15, 2026· 50m 19s· 2 players
Game mode
Random Map
Map size
Tiny (2 player)
Population
200
Speed
Normal
Resources
Standard
Victory
Conquest
Starting age
Dark Age
Ending age
Imperial Age
RankedLock teamsTeams togetherTeam positionsShared explorationLock speedFull tech treeHidden civsTurbo modeCheats
Victory
Defeat
🇹🇷 Huns · Türkiye
643
+17
🇿🇦 Wu · South Africa
609
-14
pensioner
2:59 Loom
9:51 Feudal Age
10:21 Horse Collar
10:30 Double-Bit Axe
21:40 Castle Age
20:33 Scale Mail Armor
20:43 Forging
21:42 Pikeman
22:23 Squires
23:21 Heavy Plow
23:35 Crossbowman
25:26 Iron Casting
25:46 Bloodlines
25:38 Husbandry
27:08 Bow Saw
27:45 Sanctity
28:39 Town Watch
29:29 Wheelbarrow
29:44 Fletching
29:55 Padded Archer Armor
35:04 Ballistics
35:23 Bodkin Arrow
35:44 Leather Archer Armor
38:19 Imperial Age
36:23 Hand Cart
36:50 Elite Skirmisher
38:21 Halberdier
39:08 Bracer
39:28 Chain Mail Armor
41:13 Chemistry
40:10 Murder Holes
41:53 Blast Furnace
41:32 Conscription
44:31 Plate Mail Armor
44:43 Masonry
44:52 Gold Mining
46:16 Arbalester
CLİNT EASTWOOD SS
11:08 Feudal Age
21:09 Gold Mining
21:16 Stone Mining
23:35 Castle Age
22:19 Scale Barding Armor
22:27 Bloodlines
22:31 Forging
22:58 Padded Archer Armor
22:50 Fletching
22:50 Horse Collar
22:59 Double-Bit Axe
24:43 Wheelbarrow
25:37 Husbandry
28:04 Bow Saw
32:15 Chain Barding Armor
33:26 Thumb Ring
33:43 Heavy Plow
34:18 Hand Cart
34:52 Gold Shaft Mining
39:18 Imperial Age
39:20 Iron Casting
38:41 Bodkin Arrow
39:02 Leather Archer Armor
39:17 Ballistics
41:33 Chemistry
40:07 Cavalier
40:11 Heavy Cavalry Archer
42:48 Two-Man Saw
43:04 Parthian Tactics
42:45 Paladin
43:11 Capped Ram
48:47 Siege Ram
Connection lost

Rejoining the realm…

Still unreachable

The connection could not be restored.

Session expired

The server has moved on; the page needs a fresh start.